[Event "Late-Titled-Tuesday-Blitz-April-23-2024"]
[Site "Chess.com"]
[Date "2024.04.23"]
[Round "6"]
[White "Mikhail_Golubev"]
[Black "Supelyel"]
[Result "1-0"]
[WhiteElo "2566"]
[BlackElo "2409"]
[TimeControl "180+1"]
[EndTime "15:09:02 PDT"]
[Termination "Mikhail_Golubev won by resignation"]

1. e4 d6 2. d4 Nf6 3. Nc3 e5 4.
Nf3 Nbd7 5. Bc4 Be7 6. a4 O-O 7. O-O c6 8. Re1 h6 9. h3 Re8 10. Nh4 Nb6 11. Bb3 d5 12. dxe5 Nxe4 13. Nxe4 Bxh4 14.
Nd6 Re6 15. Qh5 Rg6 16. Nxf7 Kxf7 17. e6+ Bxe6 18. Rxe6 Kxe6 19. Qxg6+ Kd7 20. Qxg7+ Qe7 21. Qg4+ Kd8 22. Bxh6 Nd7 23. Qg8+ Qe8 24. Qxe8+ Kxe8 25. Re1+ Kf7 26. c3 Nc5 27. Bc2 Rh8 28. Be3 Ne6 29. g3 Bf6 30. Kg2 b6 31. f4 Rg8 32. Kf3 Ng7 33. h4 c5 34. Bb3 Rd8 35. Rd1 Ke6 36. Bf2 Nf5 37. Bc2 Ne7 38. Re1+ Kf7 39. g4 d4 40. g5 Bg7 41. cxd4 cxd4 42. Rd1 Nc6 43. Bb3+ Kg6 44. Kg4 Nb4 45. h5+ Kh7 46.
Be1 a5 47. Bxb4 axb4 48. Bc2+ Kg8 49. h6 Bf8 50. Be4 d3 51. Rxd3 Rxd3 52. Bxd3 b3 53. Bc4+ Kh8 54. Bxb3 b5 55. axb5 Bc5 56. Bd5 Bd4 57.
b3 Bc5 58. f5 Kh7 59. f6 Kg6 60. Be4+ Kf7 61. h7 Bf8 62. h8=Q 1-0

[Event "Late-Titled-Tuesday-Blitz-April-23-2024"]
[Site "Chess.com"]
[Date "2024.04.23"]
[Round "6"]
[White "GlavkonVVS"]
[Black "Harsha_Bharathakoti"]
[Result "1-0"]
[WhiteElo "2665"]
[BlackElo "2901"]
[TimeControl "180+1"]
[EndTime "15:09:04 PDT"]
[Termination "GlavkonVVS won on time"]

1. c4 e5 2. Nc3 Bb4 3. g3 Bxc3 4. bxc3 d6 5. Bg2 Ne7 6. d4 O-O 7. Nh3 Nbc6 8. Rb1 Na5 9. Qa4 c5 10. O-O Rb8 11. dxc5 dxc5 12. Rd1 Qc7 13. f4 Bf5 14. e4 Bg4 15. Rd5 Nxd5 16. cxd5 Bd7 17. Qc2 f6 18. c4 b6 19. Bb2 Rbe8 20. fxe5 fxe5 21. Nf2 Bc8 22. Nd3 Ba6 23. Bh3 Bxc4 24. Be6+ Rxe6 25. dxe6 Bxa2 26. Re1 Bxe6 27. Bxe5 Qe7 28. Nf4 Nc6 29. Bc3 Qf7 30. Qd2 Rd8 31. Qe3 Nd4 32. Rf1 Bc4 33. Rf2 h6 34. Kg2 Qe7 35. Nh5 Re8 36. Rf4 Ne6 37. Rg4 Rf8 38. Bxg7 Nxg7 39. Rxg7+ Qxg7 40. Nxg7 Bf1+ 41. Kg1 Kxg7 42. h4 Bh3 43. e5 Be6 44. Qe4 Rf7 45. Qc6 Re7 46. Qd6 Kf7 47. Qd8 c4 48. Qh8 c3 49. Kf2 c2 50. Qh7+ Ke8 51.
Qxc2 Rd7 52. Qg6+ Rf7+ 53. Ke3 Kd7 54. Qxh6 b5 55. Qg6 a5 56. h5 b4 57. h6 b3 58. Qd3+ Ke7 59. Qd6+ Ke8 60. Qb8+ 1-0

[Event "Late-Titled-Tuesday-Blitz-April-23-2024"]
[Site "Chess.com"]
[Date "2024.04.23"]
[Round "6"]
[White "Cambek64"]
[Black "ChessGiantYouTube"]
[Result "1-0"]
[WhiteElo "2525"]
[BlackElo "2352"]
[TimeControl "180+1"]
[EndTime "15:09:06 PDT"]
[Termination "Cambek64 won on time"]

1. e4 g6 2. d4 Bg7 3. c4 d6 4.
Nc3 e6 5. Be3 Ne7 6. f3 b6 7.
Qd2 h6 8. O-O-O a6 9. Kb1 Bb7 10. g4 h5 11. gxh5 Rxh5 12. h4 Nd7 13. Nge2 Nf6 14. Ng3 Rh8 15. Be2 Qd7 16. f4 O-O-O 17.
h5 gxh5 18. Bf3 h4 19. Nge2 d5 20. e5 Ne4 21. Qe1 Nf5 22. Bc1 Nxc3+ 23. Nxc3 dxc4 24. Bxb7+ Kxb7 25. d5 exd5 26. Nxd5 Qc6 27. Nb4 Rxd1 28. Qxd1 Qe4+ 29. Ka1 a5 30. Re1 Qg2 31. Rg1 Qe4 32. Re1 Qg2 33. Rg1 Qxg1 34. Qxg1 axb4 35. Qg4 h3 36. Qxf5 h2 37. Qe4+ Ka7 38. Qh1 Bf8 39.
Be3 Bc5 40. Bxc5 bxc5 41. Kb1 Rh3 42. Kc2 Kb6 43. Kd2 b3 44. axb3 Rxb3 45. Kc2 Rh3 46. f5 c6 47. f6 Kc7 48. e6 fxe6 49. f7 Rh8 50. f8=Q Rxf8 51. Qxh2+ Kb6 52. Qd6 Rf7 53. Qxe6 Rb7 54. Qxc4 Rc7 55. Kb3 Rb7 56. Qg8 Rc7 57.
Kc4 Rb7 58. Qf8 Rc7 59. Qxc5+ Kb7 60. Qd6 Rc8 61. Kc5 Rc7 62. b4 Rc8 63. b5 cxb5+ 64. Kxb5 Rc7 65. Qd5+ Kb8 66. Kb6 1-0

[Event "Late-Titled-Tuesday-Blitz-April-23-2024"]
[Site "Chess.com"]
[Date "2024.04.23"]
[Round "6"]
[White "sergoy"]
[Black "Firouzja2003"]
[Result "0-1"]
[WhiteElo "2938"]
[BlackElo "3112"]
[TimeControl "180+1"]
[EndTime "15:09:07 PDT"]
[Termination "Firouzja2003 won by resignation"]

1. e4 c5 2. Nf3 d6 3. d4 cxd4 4. Nxd4 Nf6 5. Nc3 a6 6. Be3 e5 7. Nb3 Be6 8. f3 h5 9. Qd2 Nbd7 10. O-O-O Rc8 11. Kb1 Be7 12. Be2 b5 13. h3 h4 14.
Rhe1 Nb6 15. f4 b4 16. Bxb6 Qxb6 17. Nd5 Bxd5 18. exd5 O-O 19. Bf3 Nd7 20. Nd4 Bf6 21. Nc6 exf4 22. Bg4 Rc7 23. Bxd7 Rxd7 24. Qxf4 Qc5 25.
Rf1 Rc7 26. Qg4 Bd8 27. g3 hxg3 28. Qxg3 Re8 29. Qd3 Bg5 30. Rg1 Qe3 31. Qxa6 Bf6 32. Qd3 Rb7 33. Qf5 Kf8 34. Qh7 g6 35. Rgf1 Qg5 36.
Rg1 Qh4 37. Qxh4 Bxh4 38. Rg4 Be1 39. Rg1 Bf2 40. Rgf1 Bc5 41. Rf3 Kg7 42. h4 Rh8 43.
Rh1 f5 44. Rff1 Kf6 45. Re1 f4 46. Re6+ Kf5 47. Ne7+ Rxe7 48. Rxe7 g5 49. Rf7+ Kg6 50. Re7 g4 51. h5+ Rxh5 52. Re6+ Kg5 53. Rf1 g3 54. Re8 Kg4 0-1

[Event "Late-Titled-Tuesday-Blitz-April-23-2024"]
[Site "Chess.com"]
[Date "2024.04.23"]
[Round "6"]
[White "rezamahdavi2008"]
[Black "enriquetejedor"]
[Result "1-0"]
[WhiteElo "2915"]
[BlackElo "2738"]
[TimeControl "180+1"]
[EndTime "15:09:07 PDT"]
[Termination "rezamahdavi2008 won on time"]

1. e4 c6 2. d4 d5 3. exd5 cxd5 4.
Bd3 Nc6 5. c3 Qc7 6. Na3 Nf6 7.
Nb5 Qb8 8. Ne2 e5 9. dxe5 Nxe5 10. Bf4 a6 11. Nbd4 Bd6 12. O-O O-O 13. Bg3 Bg4 14. Qc2 Re8 15. Rfe1 Nxd3 16. Qxd3 Qc7 17. Bxd6 Qxd6 18.
Qg3 Qb6 19. Rab1 Bxe2 20. Rxe2 Rxe2 21. Nxe2 Re8 22. Qd3 Ng4 23. Nd4 Qf6 24. Qg3 Qg6 25. Rd1 h6 26. f3 Ne5 27. Qxg6 Nxg6 28. Kf2 Kf8 29. Nf5 Nf4 30. Ne3 Re5 31. g3 Nh3+ 32. Ke2 Ke7 33. Rxd5 Ng1+ 34. Kf2 Nh3+ 35. Ke2 Ng1+ 36.
Kd3 Nxf3 37. Rxe5+ Nxe5+ 38. Ke4 Ke6 39. a4 g6 40. h3 f5+ 41. Kd4 Nf3+ 42. Kc5 g5 43. Kb6 Ng1 44. Kxb7 f4 45. gxf4 gxf4 46. Nd1 Nxh3 47. c4 Kd6 48. b4 Ng5 49. c5+ Kd5 50. c6 Ne6 51. b5 axb5 52. axb5 h5 53. c7 Nxc7 54. Kxc7 h4 55. Nf2 Kd4 56. b6 Ke3 57.
Nh3 f3 58. b7 f2 59. Nxf2 Kxf2 60. b8=Q h3 61. Qh8 Kg2 62. Qg7+ Kf3 63. Qh6 Kg2 64. Qg5+ Kf2 65. Qh4+ Kg2 66. Qg4+ Kh1 67. Qxh3+ 1-0

[Event "Late-Titled-Tuesday-Blitz-April-23-2024"]
[Site "Chess.com"]
[Date "2024.04.23"]
[Round "6"]
[White "jaramsdal"]
[Black "protectiago"]
[Result "1-0"]
[WhiteElo "2254"]
[BlackElo "2062"]
[TimeControl "180+1"]
[EndTime "15:09:07 PDT"]
[Termination "jaramsdal won by resignation"]

1. e4 e5 2. Nf3 Nc6 3. Bc4 Bc5 4. b4 Bxb4 5. c3 Ba5 6. O-O d6 7. d4 Bb6 8. dxe5 dxe5 9. Qxd8+ Nxd8 10. Nxe5 Be6 11. Na3 Ne7 12. Nb5 O-O 13. Ba3 Re8 14. Rad1 Ng6 15. Bxe6 Nxe6 16. Nc4 Nef4 17. Nxb6 axb6 18.
Nxc7 Ne2+ 19. Kh1 Nxc3 20. Rd3 Nxe4 21. Nxe8 Rxe8 22. g3 Ne5 23. Re3 Nc4 24. Re2 Nxa3 25. Rfe1 Nxf2+ 26. Kg2 Rf8 27. Rxf2 g6 28. Re7 Nc4 29.
Rxb7 h5 30. h4 Kg7 31. Kf3 Ra8 32. Rc2 Ne5+ 33. Ke4 Kf6 34. Rxb6+ Kg7 35. Kxe5 Ra5+ 36. Kf4 Rf5+ 37. Ke3 g5 38. hxg5 Rxg5 39. Kf4 Rg4+ 40. Kf3 f6 41. Rb5 Kg6 42. Rcc5 Ra4 43. Rxh5 Ra3+ 44. Kg2 Rxa2+ 45. Kh3 Ra1 46. Rhc5 Rh1+ 47. Kg2 Rh8 48. Rc6 Rf8 49. Rbb6 Rf7 50. Kf3 Kg5 51.
Rxf6 Rxf6+ 52. Rxf6 Kxf6 53. Kf4 Kg6 54. Kg4 Kf6 55.
Kh5 Kf5 56. g4+ Kf6 57. Kh6 Kf7 58. g5 Kg8 59. Kg6 Kf8 60. Kh7 1-0

[Event "Late-Titled-Tuesday-Blitz-April-23-2024"]
[Site "Chess.com"]
[Date "2024.04.23"]
[Round "6"]
[White "grzechu96"]
[Black "Naoki"]
[Result "0-1"]
[WhiteElo "2770"]
[BlackElo "2559"]
[TimeControl "180+1"]
[EndTime "15:09:08 PDT"]
[Termination "Naoki won on time"]

1. e4 e5 2. Nf3 Nc6 3. Bc4 Nf6 4. d3 Bc5 5. O-O a6 6. c3 d6 7. Bb3 Ba7 8. Re1 O-O 9. h3 h6 10. Nbd2 Ne7 11. Nf1 Ng6 12. Ng3 Be6 13. Bc2 d5 14. exd5 Qxd5 15. Bb3 Qd6 16. Bxe6 fxe6 17. Be3 Bxe3 18.
Rxe3 Nd5 19. Re4 Ndf4 20. d4 exd4 21. Qxd4 Rad8 22. Qe3 Rf6 23. Rd4 Qf8 24. Rxd8 Qxd8 25.
Ne4 Rf5 26. Nd4 Rd5 27. Ng3 Qf6 28. Re1 Nf8 29. Qf3 c5 30. Re4 g5 31. Nde2 Nxh3+ 32. Kh2 Qxf3 33. gxf3 Nxf2 34. Re3 Nd1 35. Re4 Nxb2 36.
f4 Nd3 37. fxg5 hxg5 38. Rg4 Kf7 39. Ne4 Nh7 40. Kg2 Ne5 41. Nxg5+ Nxg5 42. Rxg5 Kf6 43. Rh5 Rd2 44. Kf1 Nd3 45. Rh6+ Ke5 46. Rh7 Rd1+ 47.
Kg2 Rd2 48. Kf1 Rxa2 49. Rxb7 Ra1+ 50. Kg2 a5 51. Rc7 a4 52. Ra7 Ra2 53. Kf3 Ne1+ 54. Ke3 Nc2+ 55. Kf3 a3 56. Ra5 Kd5 57. Nf4+ Kc4 58.
Nxe6 Ne1+ 59. Ke4 Nd3 60. Ra4+ Kxc3 61. Ra8 Re2+ 0-1

[Event "Late-Titled-Tuesday-Blitz-April-23-2024"]
[Site "Chess.com"]
[Date "2024.04.23"]
[Round "6"]
[White "kylelancman"]
[Black "Meri-Arabidze"]
[Result "1/2-1/2"]
[WhiteElo "2493"]
[BlackElo "2681"]
[TimeControl "180+1"]
[EndTime "15:09:10 PDT"]
[Termination "Game drawn - insufficient material"]

1. e4 c5 2. Nf3 e6 3. c3 Nf6 4. e5 Nd5 5. d4 cxd4 6. cxd4 b6 7.
h4 Be7 8. h5 h6 9. Rh3 Ba6 10.
Bd2 Bxf1 11. Kxf1 Nc6 12. Nc3 d6 13. Nxd5 exd5 14. Rg3 Kf8 15. Rc1 Qd7 16. Qe2 Re8 17.
a4 dxe5 18. Qb5 e4 19. Qxc6 Qxc6 20. Rxc6 exf3 21. Rxf3 Bf6 22. Rc7 a5 23. Rb7 Re7 24.
Rxb6 Bxd4 25. Bxa5 Bxb6 26. Bxb6 Ke8 27. Rd3 Kd7 28.
Bc5 Re5 29. g4 Kc6 30. Bd4 Re6 31. b4 Ra8 32. Rc3+ Kb7 33. a5 f6 34. Bb6 Rxb6 35. axb6 Kxb6 36. Rc5 Ra4 37. Rxd5 Rxb4 38. f3 Kc6 39.
Rd8 Rb7 40. Kf2 Rd7 41. Rxd7 Kxd7 42. Ke3 Ke7 43. Kf4 Kf8 44. Ke4 Ke7 45. Kd5 Kd7 46. Kd4 Kd6 47. Ke4 Ke6 48. f4 Ke7 49. Kd4 Kd6 50. Ke4 Ke6 51. Kd4 Kd6 52. Kc4 Ke6 53. Kc5 f5 54. g5 hxg5 55. fxg5 f4 56. Kd4 Kf5 57. h6 gxh6 58. gxh6 Kg6 59. Ke4 Kxh6 60. Kxf4 1/2-1/2

[Event "Late-Titled-Tuesday-Blitz-April-23-2024"]
[Site "Chess.com"]
[Date "2024.04.23"]
[Round "6"]
[White "js20000"]
[Black "MatthewG-p4p"]
[Result "0-1"]
[WhiteElo "2740"]
[BlackElo "2918"]
[TimeControl "180+1"]
[EndTime "15:09:11 PDT"]
[Termination "MatthewG-p4p won by checkmate"]

1. b3 e5 2. Bb2 Nc6 3. e3 d5 4. Bb5 Ne7 5. Bxe5 a6 6. Bxc6+ Nxc6 7. Bb2 Qg5 8. Kf1 Bg4 9. Nf3 Qh5 10. h3 O-O-O 11.
Kg1 Be6 12. Nc3 Bd6 13. Nd4 Qg6 14. Nxe6 fxe6 15. d3 Rhf8 16. Qg4 Qf7 17. Rf1 h5 18. Qe2 Qg6 19. f4 Ne7 20. Qf2 Nf5 21. Ne2 Bc5 22. Bd4 Be7 23. Be5 Bf6 24. Bxf6 gxf6 25. Nd4 Nxd4 26.
exd4 Qf5 27. Kh2 Rg8 28. Qe3 Rg6 29. Re1 Kd7 30. Re2 h4 31. Rhe1 Re8 32. Qf2 Rh6 33. Kh1 Rh7 34. Re3 Rh6 35. c4 c6 36. Qf3 Rh7 37.
Qg4 Qxg4 38. hxg4 Rg7 39. cxd5 cxd5 40. f5 Rxg4 41. Rxe6 Rxe6 42. Rxe6 Rxd4 43. Rxf6 Rxd3 44. Rf7+ Kc6 45. Kh2 Rd2 46. Kh3 Rxa2 47. Kxh4 Rxg2 48. f6 d4 49. Rf8 Rf2 50. Kg5 d3 51. Rd8 d2 52.
Kg6 Rg2+ 53. Kf5 Rf2+ 54. Kg6 Rg2+ 55. Kh7 Rh2+ 56. Kg8 Rg2+ 57. Kf8 Rg5 58. f7 Rd5 59. Rxd5 Kxd5 60. Kg7 d1=Q 61. f8=Q Qg4+ 62. Kh8 Qh3+ 63. Kg7 Qc3+ 64. Kh7 Qd3+ 65. Kg7 Qd4+ 66. Kh7 Qg4 67. Qf7+ Kc6 68. Kh8 Qc8+ 69. Kg7 Qc7 70. Kh8 Qxf7 71. b4 Kd6 72. b5 Ke6 73. bxa6 Kf6 74. a7 Qg7# 0-1

[Event "Late-Titled-Tuesday-Blitz-April-23-2024"]
[Site "Chess.com"]
[Date "2024.04.23"]
[Round "6"]
[White "Pig-filth"]
[Black "MeisterJabo"]
[Result "0-1"]
[WhiteElo "2249"]
[BlackElo "2488"]
[TimeControl "180+1"]
[EndTime "15:09:11 PDT"]
[Termination "MeisterJabo won on time"]

1. d4 Nf6 2. Bg5 Ne4 3. Bf4 d5 4. e3 e6 5. Bd3 Bd6 6. Ne2 O-O 7. O-O Bxf4 8. Nxf4 b6 9. Nd2 Nxd2 10. Qxd2 Ba6 11.
h3 c5 12. c3 Bxd3 13. Nxd3 Nd7 14. a4 Qc7 15. Rfc1 e5 16. dxe5 Nxe5 17. Nxe5 Qxe5 18. Rd1 Rad8 19. c4 d4 20. exd4 Rxd4 21. Qc2 Rfd8 22.
Re1 Qf6 23. Rad1 g6 24. b3 Qf4 25. Rxd4 Rxd4 26. Rd1 h5 27. a5 Qd6 28. Re1 Qf4 29.
Rd1 Kh7 30. axb6 axb6 31. Qe2 Kg7 32. Rd3 Re4 33. Qd1 Qe5 34. Kf1 Qh2 35. f3 Re6 36.
Rd7 Re3 37. Rd3 Qe5 38. Rxe3 Qxe3 39. h4 Qe5 40. Qe1 Qd4 41. Qe2 Qxh4 42. Qe5+ Qf6 43. Qc7 Qa1+ 44. Kf2 Qf6 45. Kg3 g5 46. Kf2 h4 47. Qc8 Qd4+ 48. Ke2 Qe5+ 49. Kf1 Qe6 50. Qc7 h3 51. gxh3 Qxh3+ 52. Kf2 Qe6 53. Qg3 Kf6 0-1

[Event "Late-Titled-Tuesday-Blitz-April-23-2024"]
[Site "Chess.com"]
[Date "2024.04.23"]
[Round "6"]
[White "lamomiajunior"]
[Black "Sargsyan_Shant"]
[Result "1-0"]
[WhiteElo "2759"]
[BlackElo "2957"]
[TimeControl "180+1"]
[EndTime "15:09:12 PDT"]
[Termination "lamomiajunior won by resignation"]

1. d4 g6 2. e4 Nf6 3. e5 Nh5 4. Nc3 d6 5. Qe2 Nc6 6. Nf3 Bg4 7. Qb5 Bxf3 8. gxf3 Bg7 9. d5 a6 10. Qa4 b5 11.
Nxb5 axb5 12. Qxb5 O-O 13. Qxc6 Bxe5 14. c3 e6 15. Bh6 Re8 16. Bb5 Qf6 17. dxe6 Qxe6 18.
Be3 Bf4 19. Qe4 d5 20. Qxe6 Rxe6 21. Kd2 Bxe3+ 22. fxe3 Rb6 23. a4 c6 24. Bd3 Rxb2+ 25. Bc2 Rb7 26. Rhb1 Rc7 27. Bd3 Ra5 28. Rb6 Rca7 29. Bc2 Rc5 30. Rab1 Nf6 31. Rb7 Raa5 32. Rc7 d4 33. cxd4 Rh5 34. Rb8+ Kg7 35. Rbb7 Rxh2+ 36. Kd3 Rf5 37. Rxf7+ Kh6 38. f4 c5 39. Bb3 cxd4 40. Be6 Ra5 41. Rxf6 Rxa4 42. exd4 Ra3+ 43. Bb3 Rh3+ 44.
Kc4 Rf3 45. Rff7 Kh5 46. Rxh7+ Kg4 47. Rhf7 Kg3 48. d5 Ra8 49. d6 Rd8 50. Kc5 Rc3+ 51. Bc4 Rc8+ 52. Rbc7 Ra8 53. d7 Raa3 54. d8=Q 1-0

[Event "Late-Titled-Tuesday-Blitz-April-23-2024"]
[Site "Chess.com"]
[Date "2024.04.23"]
[Round "6"]
[White "Vladimir_Zakhartsov"]
[Black "ReadySkate"]
[Result "0-1"]
[WhiteElo "2906"]
[BlackElo "2709"]
[TimeControl "180+1"]
[EndTime "15:09:14 PDT"]
[Termination "ReadySkate won by checkmate"]

1. d4 Nf6 2. c4 g6 3. Nc3 d5 4. cxd5 Nxd5 5. e4 Nxc3 6. bxc3 Bg7 7. Bb5+ c6 8. Ba4 O-O 9. Nf3 b5 10. Bb3 a5 11. O-O a4 12. Bc2 Nd7 13. h3 e5 14.
Rb1 exd4 15. cxd4 Nb6 16. Re1 Re8 17. Bg5 Qc7 18. Qc1 Be6 19. Bd3 Bc4 20. Bxc4 Nxc4 21. e5 Qd7 22. Qf4 Qf5 23. Qh4 Rab8 24. Bf6 h6 25.
Bxg7 Kxg7 26. Rbc1 Rbc8 27. Re2 Qd3 28. Qf6+ Kg8 29. e6 fxe6 30. Rxe6 Qf5 31. Rxe8+ Rxe8 32. Qxc6 Rc8 33. Qb7 Re8 34. d5 Nd6 35. Qc6 Rc8 36.
Qxd6 Rxc1+ 37. Kh2 Rc8 38. Nd4 Qf7 39. Ne6 Qf6 40. f4 Re8 41. a3 g5 42. Qc6 Re7 43. fxg5 Qe5+ 44. Kh1 hxg5 45. Qc8+ Kh7 46. Qf8 Qe1+ 47.
Kh2 Qe5+ 48. Kg1 Qe1+ 49. Kh2 Qe5+ 50. g3 Qe2+ 51. Kg1 Qd1+ 52. Kf2 Qd2+ 53. Kf3 Qxd5+ 54. Kg4 Qxe6+ 55. Kh5 Rg7 56. Qb8 Qxh3# 0-1

[Event "Late-Titled-Tuesday-Blitz-April-23-2024"]
[Site "Chess.com"]
[Date "2024.04.23"]
[Round "6"]
[White "quvnoq_muxlis"]
[Black "topotun"]
[Result "0-1"]
[WhiteElo "2678"]
[BlackElo "2855"]
[TimeControl "180+1"]
[EndTime "15:09:15 PDT"]
[Termination "topotun won by resignation"]

1. e4 c6 2. d4 d5 3. Nc3 dxe4 4. Nxe4 Nf6 5. Nxf6+ exf6 6. c3 Bd6 7. Bd3 O-O 8. Qc2 Re8+ 9. Ne2 h5 10. h3 h4 11.
Bd2 Nd7 12. O-O-O Nf8 13. Rhg1 Be6 14. Kb1 b5 15. g3 Bc4 16. Bc1 Qe7 17. Be3 Bxd3 18.
Qxd3 Qe4 19. Kc2 Ng6 20. gxh4 Nxh4 21. Rg4 Qxd3+ 22. Kxd3 Nf5 23. Rdg1 Rad8 24. Bf4 c5 25. Bxd6 Rxd6 26. Rf4 Ne7 27. Ng3 Ng6 28. Re4 Re5 29. Ke3 cxd4+ 30. cxd4 Rxe4+ 31. Nxe4 Ra6 32. a3 Ne7 33.
Nc3 Rb6 34. d5 b4 35. axb4 Rxb4 36. Rd1 Nf5+ 37. Kf3 Nd6 38. Rd2 Kf8 39. Ke2 Nc4 40. Rd4 Rxb2+ 41. Kd1 Nd6 42. Ra4 Rb7 43. Ra6 Rd7 44. Kc2 f5 45. Kd3 g5 46. Kd4 f6 47.
Na4 Nb5+ 48. Kc4 Rxd5 49. Rxf6+ Kg7 50. Ra6 Re5 51. Ra5 Nd6+ 52. Kb4 Rxa5 53. Kxa5 Ne4 54.
f3 Nd2 55. Nc3 Nxf3 56. Ka6 Ng1 57. Nd5 Nxh3 58. Kxa7 g4 59. Kb6 g3 60. Ne3 f4 61.
Ng2 Kf6 0-1

[Event "Late-Titled-Tuesday-Blitz-April-23-2024"]
[Site "Chess.com"]
[Date "2024.04.23"]
[Round "6"]
[White "Slovineanu"]
[Black "albi1999"]
[Result "1-0"]
[WhiteElo "2495"]
[BlackElo "2652"]
[TimeControl "180+1"]
[EndTime "15:09:16 PDT"]
[Termination "Slovineanu won by resignation"]

1. d4 Nf6 2. Nf3 g6 3. Nbd2 d5 4. e3 Bg7 5. b4 O-O 6. c4 a5 7. b5 c5 8. dxc5 Ne4 9. Ba3 Nxd2 10. Nxd2 Bxa1 11. Qxa1 Be6 12. h4 h5 13. Qd4 dxc4 14.
Bxc4 Bxc4 15. Nxc4 Qxd4 16. exd4 Rd8 17. Nb6 Ra7 18. d5 Nd7 19. Nc4 Nf6 20. c6 Nxd5 21. b6 Raa8 22. c7 Rd7 23. O-O f6 24. Rb1 Kf7 25.
Nxa5 Rc8 26. Bc5 Nxc7 27. bxc7 Rdxc7 28. Be3 Rc2 29. Rxb7 Rxa2 30. Nb3 Rb2 31. Nc5 Rxb7 32. Nxb7 Rc2 33. Nc5 e5 34. g3 Rc4 35. Nd3 Ke6 36. Kg2 Kd5 37. Ne1 Ra4 38. Nf3 Ke4 39.
Nd2+ Kd3 40. Nf3 Ra8 41. Bh6 Re8 42. Bg7 Re6 43. Ne1+ Ke2 44. Nf3 Rd6 45. Nh2 e4 46. Nf1 f5 47. Bh6 Ke1 48. Be3 Rc6 49. Bf4 Rc2 50.
Be3 Ra2 51. Nh2 Ke2 52. Nf1 Rc2 53. Bf4 Kd3 54. Ne3 Re2 55. Nd5 Rc2 56. Be3 Rc6 57.
Ne7 Kc4 58. Nxc6 Kd5 59. Ne7+ Ke6 60. Nxg6 1-0

[Event "Late-Titled-Tuesday-Blitz-April-23-2024"]
[Site "Chess.com"]
[Date "2024.04.23"]
[Round "6"]
[White "SahibSinghKnight"]
[Black "Gravity_Chess"]
[Result "0-1"]
[WhiteElo "2643"]
[BlackElo "2875"]
[TimeControl "180+1"]
[EndTime "15:09:18 PDT"]
[Termination "Gravity_Chess won by checkmate"]

1. e4 c5 2. Nf3 e6 3. d4 cxd4 4.
Nxd4 Nf6 5. Nc3 Nc6 6. Ndb5 Bb4 7.
a3 Bxc3+ 8. Nxc3 d5 9. exd5 exd5 10. Bd3 O-O 11. O-O d4 12. Ne2 Bg4 13. h3 Bh5 14.
Bg5 Re8 15. Re1 Qd6 16. Qd2 Bxe2 17. Rxe2 Rxe2 18. Qxe2 Re8 19. Qd2 Ne4 20. Qf4 Qxf4 21. Bxf4 Nc5 22. Bb5 a6 23. Bxc6 bxc6 24. Kf1 Ne6 25. Bd2 f6 26. Re1 Kf7 27. b4 c5 28.
bxc5 Rc8 29. Bb4 a5 30. Bxa5 Rxc5 31. Bb6 Rxc2 32. Rd1 Rc4 33. Ke2 Ra4 34. g3 Ke7 35. Rd3 Kd6 36. Rb3 Kd5 37. Kd3 Ra6 38. f4 f5 39. Rb5+ Kc6 40. Re5 Rxa3+ 41. Kc4 Rc3+ 42. Kb4 Re3 43. Rxe3 dxe3 44. Bxe3 Kd5 45. Bf2 Ke4 46. Kc4 h5 47. h4 g6 48. Be1 Nd4 49. Kc5 Nc2 50.
Bc3 Kf3 51. Kd6 Kxg3 52. Ke5 Ne3 53. Be1+ Kg4 54. Kf6 Ng2 55. Bf2 Nxf4 56. Be1 Nd3 57. Bc3 f4 58. Kxg6 f3 59. Bd4 f2 60. Bxf2 Nxf2 61.
Kh6 Kxh4 62. Kg6 Kg4 63. Kf6 h4 64. Ke6 h3 65. Kd7 h2 66. Kc8 h1=Q 67. Kb8 Qh7 68. Ka8 Kf5 69. Kb8 Ke6 70. Ka8 Kd6 71. Kb8 Kc6 72. Ka8 Qb7# 0-1

[Event "Late-Titled-Tuesday-Blitz-April-23-2024"]
[Site "Chess.com"]
[Date "2024.04.23"]
[Round "6"]
[White "sassassasss"]
[Black "Abund"]
[Result "0-1"]
[WhiteElo "2443"]
[BlackElo "2751"]
[TimeControl "180+1"]
[EndTime "15:09:18 PDT"]
[Termination "Abund won on time"]

1. e4 g6 2. d4 Bg7 3. Nc3 a6 4. Be3 b5 5. a3 Bb7 6. f3 d6 7. Qd2 Nd7 8. h4 h5 9. Nh3 e6 10. Ng5 c5 11. d5 e5 12. a4 b4 13. Nd1 a5 14. Nf2 Qc8 15. b3 Ba6 16. Bxa6 Qxa6 17. g3 Rc8 18. Rd1 c4 19. Qe2 Nb8 20. O-O cxb3 21.
Qxa6 Nxa6 22. cxb3 Rc3 23. Rd3 Rc8 24. Rc1 Rxc1+ 25.
Bxc1 Nc5 26. Re3 Bh6 27. f4 Nf6 28. fxe5 dxe5 29. Rf3 Ke7 30. d6+ Ke8 31. Rxf6 Rf8 32. Rf3 f6 33. Nh7 Bxc1 34. Nxf8 Kxf8 35. Rxf6+ Ke8 36.
Rxg6 Nxb3 37. Nd3 Be3+ 38. Kg2 Bd4 39. Rg5 Kd7 40. Nxe5+ Kxd6 41. Nd3 Kc6 42. Rxh5 Nc5 43. Nxc5 Bxc5 44. Rd5 b3 45. Rd1 b2 46. Rb1 Bd4 47. Kf3 Kc5 48. g4 Kb4 49. Kf4 Kxa4 50. e5 Kb3 51. g5 Bc3 52. g6 Bd2+ 53. Kf5 Bh6 54. Kf6 a4 55. e6 a3 56. e7 a2 0-1

[Event "Late-Titled-Tuesday-Blitz-April-23-2024"]
[Site "Chess.com"]
[Date "2024.04.23"]
[Round "6"]
[White "osielchesslover2011"]
[Black "Jooonaaas1996"]
[Result "0-1"]
[WhiteElo "2230"]
[BlackElo "2433"]
[TimeControl "180+1"]
[EndTime "15:09:20 PDT"]
[Termination "Jooonaaas1996 won by resignation"]

1. e4 e5 2. Nf3 Nc6 3. Bb5 Nf6 4. O-O Nxe4 5. d4 Nd6 6. Bxc6 dxc6 7. dxe5 Nf5 8. Qe2 Nd4 9. Nxd4 Qxd4 10. Rd1 Qg4 11. f3 Qg6 12. Nc3 Bf5 13. Bf4 h5 14. Rd2 Bc5+ 15. Kh1 O-O 16. Rad1 Bb4 17. Qc4 a5 18. a3 Be6 19. Qd4 c5 20. Qe3 Bxc3 21. Qxc3 b6 22. h3 Qf5 23. Bh2 Qg5 24. f4 Qe7 25. Qf3 g6 26. g4 hxg4 27. hxg4 f5 28. gxf5 Bxf5 29. Qd5+ Be6 30. Qe4 Bf5 31. Qd5+ Kg7 32. Rg1 Rad8 33. Qg2 Rxd2 34. Qxd2 Be4+ 35. Rg2 Rd8 36. Qe1 Bxg2+ 37. Kxg2 Qe6 38. Qc3 Rd4 39. Bg3 Qd5+ 40. Kh3 Kf7 41. Qe3 Qd7+ 42. Kg2 Rd2+ 43.
Kf3 Qd5+ 44. Kg4 Qe6+ 45. Kf3 Rd5 46. Qe4 c6 47. c4 Rd4 48. Qe3 Qxc4 49. f5 Qd5+ 50.
Kf2 Rd2+ 51. Ke1 Rd1+ 52. Kf2 gxf5 53. Qg5 Qd2+ 54. Qxd2 Rxd2+ 55. Ke3 Rxb2 56. Kf4 Ke6 57. Kg5 Rb3 58. Bf4 Rxa3 59. Kg6 Rb3 60. Kg7 a4 61. Kf8 a3 0-1

[Event "Late-Titled-Tuesday-Blitz-April-23-2024"]
[Site "Chess.com"]
[Date "2024.04.23"]
[Round "6"]
[White "MarcoRiehle"]
[Black "Oleksandr_Bortnyk"]
[Result "0-1"]
[WhiteElo "2802"]
[BlackElo "3113"]
[TimeControl "180+1"]
[EndTime "15:09:21 PDT"]
[Termination "Oleksandr_Bortnyk won by resignation"]

1. d4 Nf6 2. Nf3 b6 3. e3 Bb7 4.
Bd3 d5 5. O-O g6 6. Nbd2 Bg7 7.
Qe2 O-O 8. e4 dxe4 9. Nxe4 Nbd7 10. Bg5 c5 11. Bxf6 exf6 12. dxc5 f5 13. Nc3 Re8 14. Qd1 Nxc5 15. Bb5 Qxd1 16. Raxd1 Red8 17. Rxd8+ Rxd8 18. Rd1 Rc8 19. Nd4 a6 20. Be2 b5 21.
Bf3 Ne4 22. Bxe4 fxe4 23. Nce2 Be5 24. c3 h5 25. Nb3 Rc7 26. h3 Kg7 27. Kf1 h4 28. Rd8 f5 29. Nc5 Rxc5 30. Rd7+ Kf6 31. Rxb7 Rd5 32. Ke1 g5 33. Rb6+ Rd6 34. Rxd6+ Bxd6 35. f3 exf3 36. gxf3 Bc5 37. Nc1 g4 38. fxg4 fxg4 39.
hxg4 h3 40. Kf1 Kg5 41. Nd3 Be3 42. Ne5 Kf4 43. Nd3+ Kg3 44. Ke2 h2 45. Kxe3 h1=Q 46. Kd2 Qd5 47. Kc2 Qxa2 48. g5 Qe6 49. g6 Qxg6 50. Kd2 Qd6 51. b4 Kf3 52. Kc2 Ke3 53.
Nb2 Qd2+ 54. Kb3 Qc1 55. c4 Kd4 56. c5 Qc3+ 57. Ka2 Qxb4 58. c6 Qc5 59. c7 Qxc7 60.
Kb3 Qc3+ 61. Ka2 a5 62. Nd1 Qc2+ 63. Nb2 b4 64. Ka1 b3 0-1

[Event "Late-Titled-Tuesday-Blitz-April-23-2024"]
[Site "Chess.com"]
[Date "2024.04.23"]
[Round "6"]
[White "NikitaShnadrygin"]
[Black "platy3"]
[Result "1/2-1/2"]
[WhiteElo "2721"]
[BlackElo "2873"]
[TimeControl "180+1"]
[EndTime "15:09:21 PDT"]
[Termination "Game drawn by repetition"]

1. e4 c5 2. Nf3 e6 3. d4 cxd4 4. Nxd4 Nc6 5. Nc3 Qc7 6. Be3 a6 7. Be2 Nf6 8. a3 Be7 9. O-O O-O 10. f4 d6 11. Kh1 Bd7 12. Qe1 Nxd4 13. Bxd4 Bc6 14.
Qg3 b5 15. Rad1 Rad8 16. Rd3 Qb7 17. Bf3 Rd7 18. Rfd1 Rfd8 19. Nd5 Ne8 20. Re1 Bf8 21. Nb4 a5 22. Nxc6 Qxc6 23. Rc3 Qb7 24. Qf2 b4 25. axb4 axb4 26. Rb3 Rc8 27. c3 d5 28. exd5 exd5 29. Bg4 Nd6 30. Bxd7 Qxd7 31. Qf3 Ne4 32. cxb4 Rc4 33.
Bc5 Nd2 34. Qd3 Nxb3 35. Qxb3 Rxf4 36. Bxf8 Kxf8 37. b5 Qe7 38. Qc3 Re4 39. Rf1 f6 40.
b6 Rb4 41. Qc6 Qe2 42. Qc5+ Ke8 43. Rg1 Rxb2 44. b7 Qe5 45. h3 Kf7 46. Qc6 d4 47.
Qd7+ Kg6 48. Qg4+ Kh6 49. Qh4+ Kg6 50. Qg4+ Kf7 51. Rf1 d3 52. Qd7+ Qe7 53. Qd5+ Qe6 54. Qf3 d2 55. Qh5+ Kg8 56. Qf3 Qc4 57. Rd1 Qc2 58.
Qd5+ Kf8 59. Qd6+ Kf7 60. Qd7+ Kg6 61. Qg4+ Kf7 62. Qd7+ Kg6 63. Qg4+ Kh6 64. Qh4+ Kg6 65. Qg4+ 1/2-1/2